Map: Deathaura LE

Players

meeK

  • Race: Protoss Protoss
  • League: Diamond
  • Spawn Location: 11:00

Gambeulin - Winner!

  • Race: Terran Terran
  • League: Master
  • Spawn Location: 5:00

VOD

Have the link to the VOD?

Description

Time

  • Played on: June 23, 2020, 6:06 a.m.
  • Length: 17:18
Show
View Real Time Build Order
Export as new Build Order

meeK Protoss 

Build Orders: 1 Gate Expand, Blink Stalkers 

Get SALT Encoding   

  12  0:01  Probe  
  13  0:13  Probe  
  14  0:19  Pylon  
  14  0:26  Probe  
  15  0:36  Probe  
  15  0:37  Gateway  
  16  0:44  Probe  
  16  0:49  Assimilator  
  17  0:52  Probe  
  18  1:04  Probe  
  19  1:20  Nexus  
  19  1:29  Assimilator  
  19  1:34  Probe  
  20  1:40  Cybernetics Core  
  19  1:49  Assimilator  
  19  1:50  Probe  
  20  1:57  Pylon  
  20  2:01  Probe  
  20  2:08  Adept  
  21  2:09  Probe  
  22  2:20  Warp Gate  
  24  2:27  Twilight Council  
  24  2:32  Probe x2  
  24  2:34  Sentry  
  28  2:46  Probe x2  
  28  2:49  Gateway  
  30  2:58  Stalker  
  30  3:02  Blink  
  32  3:06  Probe x2  
  32  3:12  Gateway  
  34  3:22  Probe  
  34  3:25  Probe  
  36  3:30  Probe  
  36  3:38  Probe  
  36  3:54  Probe x2, Shield Battery  
  36  3:55  Pylon  
  38  4:10  Probe x2  
  38  4:12  Stalker  
  38  4:15  Nexus  
  42  4:17  Stalker  
  44  4:26  Pylon  
  44  4:28  Stalker  
  46  4:35  Pylon  
  46  4:37  Stalker  
  48  4:40  Stalker  
  48  4:43  Probe x2  
  52  4:46  Assimilator  
  52  4:48  Charge, Assimilator  
  52  4:55  Robotics Facility  
  52  5:10  Probe x2  
  52  5:11  Zealot x3  
  60  5:22  Probe  
  60  5:23  Pylon  
  62  5:28  Probe x2  
  62  5:34  Probe  
  64  5:40  Probe  
  65  5:47  Zealot x3  
  71  5:50  Probe x2, Observer  
  74  5:58  Robotics Bay  
  74  6:03  Robotics Facility  
  74  6:04  Forge  
  74  6:08  Zealot x2  
  74  6:09  Stargate, Zealot  
  80  6:18  Gateway  
  80  6:21  Gateway  
  80  6:24  Gateway  
  80  6:26  Extended Thermal Lance, Protoss Ground Weapons Level 1  
  80  6:28  Probe  
  80  6:29  Probe, Gateway  
  80  6:30  Probe  
  82  6:36  Probe  
  83  6:40  Colossus  
  83  6:42  Probe  
  91  6:59  Phoenix  
  93  7:11  Assimilator  
  93  7:13  Assimilator  
  93  7:16  Pylon  
  93  7:18  Pylon  
  93  7:22  Pylon  
  93  7:30  Pylon  
  93  7:34  Probe x3, Phoenix  
  93  7:35  Colossus  
  104  7:37  Templar Archives  
  104  7:40  Pylon, Colossus  
  110  7:46  Probe x2  
  110  7:47  Probe, Pylon  
  113  7:59  Phoenix  
  113  8:00  Probe x3  
  118  8:12  Psionic Storm  
  118  8:21  Probe x3  
  118  8:22  Protoss Ground Armor Level 1  
  118  8:24  Nexus  
  118  8:25  Pylon x2  
  121  8:31  Disruptor  
  124  8:36  High Templar  
  126  8:42  Zealot  
  126  8:43  Zealot x5  
  116  8:58  Zealot  
  116  8:59  Disruptor  
  105  9:06  Zealot x5, Disruptor  
  112  9:16  Stalker  
  110  9:24  Zealot  
  104  9:28  Stalker x3  
  105  9:33  Colossus  
  103  9:42  Stalker x2  
  93  9:55  High Templar x3  
  93  9:56  Disruptor  
  93  9:57  Zealot  
  93  9:58  Zealot  
  106  10:01  Archon  
  106  10:05  Zealot x2  
  110  10:17  Probe x3  
  110  10:18  Colossus  
  110  10:20  Gateway x2  
  113  10:25  Protoss Ground Weapons Level 2  
  119  10:31  Stalker x2  
  119  10:32  Stalker x2  
  127  10:39  Pylon  
  127  10:49  High Templar  
  129  10:50  High Templar  
  129  10:51  Zealot  
  86  11:30  High Templar x4  
  86  11:32  Zealot x4  
  94  11:33  Zealot  
  94  11:35  Archon  
  94  11:36  Archon  
  98  11:44  Gateway  
  98  11:46  Gateway  
  98  11:52  High Templar x2  
  98  11:53  Zealot x3  
  108  11:55  Zealot  
  108  11:57  Disruptor  
  108  11:59  Archon  
  113  12:02  Stalker  
  113  12:03  Stalker  
  113  12:07  Zealot  
  119  12:14  Gateway  
  119  12:15  Gateway  
  119  12:18  Zealot x3  
  119  12:19  Zealot x3  
  131  12:24  Assimilator, High Templar  
  131  12:26  Zealot x2  
  131  12:27  Assimilator  
  131  12:29  Pylon  
  137  12:36  Zealot x2  
  101  12:53  Stalker  
  101  12:54  Stalker x7  
  115  13:02  Colossus  
  115  13:03  Colossus  
  115  13:05  Zealot x3  
  111  13:20  Archon  
  109  13:28  Zealot x4  
  109  13:29  Zealot x6  
  109  13:30  Zealot, Protoss Ground Weapons Level 3  
  131  13:41  Fleet Beacon  
  131  13:42  Stargate  
  131  13:49  Zealot x5  
  131  13:50  Zealot x4  
  131  13:51  Zealot x2  
  115  14:13  High Templar x2  
  115  14:14  High Templar x2  
  115  14:15  Zealot x3  
  115  14:16  Zealot x2  
  125  14:18  Zealot x4  
  125  14:19  Archon  
  125  14:20  Archon  
  125  14:22  Disruptor  
  136  14:36  High Templar  
  136  14:37  High Templar  
  140  14:38  Zealot x2  
  140  14:39  Zealot x2, Photon Cannon x2  
  140  14:41  Photon Cannon  
  140  14:42  Carrier  
  153  15:08  High Templar x2  
  153  15:09  Zealot, High Templar  
  153  15:10  Zealot x4  
  153  15:12  Archon  
  74  15:31  High Templar x3  
  74  15:32  Zealot x4  
  74  15:33  Zealot  
  74  15:35  Archon  
  84  15:36  Archon  
  74  15:45  Pylon  
  73  15:58  Zealot x2  
  73  15:59  Zealot x5  
  80  16:15  Void Ray  
  71  16:28  Void Ray  
  75  16:35  High Templar x3  
  75  16:36  High Templar  
  69  16:40  Archon  
  69  16:42  Archon  
  69  16:45  Stalker  
  69  17:06  Zealot x3  
Show
View Real Time Build Order
Export as new Build Order

Gambeulin Terran - Winner!

Build Orders: Cyclone Opening 

Get SALT Encoding   

  12  0:00  SCV  
  13  0:13  SCV  
  14  0:17  Supply Depot  
  14  0:25  SCV  
  14  0:28  Refinery  
  15  0:38  SCV  
  16  0:45  Barracks  
  16  0:50  SCV  
  17  1:03  SCV  
  18  1:16  SCV  
  19  1:32  Orbital Command  
  19  1:34  Marine  
  19  1:35  Factory  
  20  1:50  Supply Depot  
  20  1:55  Barracks Tech Lab  
  20  1:59  SCV  
  21  2:11  SCV  
  22  2:27  SCV, Command Center  
  23  2:33  Cyclone  
  23  2:36  Supply Depot  
  26  2:39  SCV  
  27  3:04  Command Center  
  27  3:07  Cyclone  
  27  3:10  SCV  
  27  3:11  Refinery  
  31  3:22  SCV  
  32  3:34  SCV  
  30  3:48  SCV  
  30  3:51  Siege Tank  
  30  3:52  SCV  
  35  3:56  Barracks Tech Lab  
  35  4:07  Barracks  
  35  4:10  Barracks x2  
  35  4:11  Starport  
  35  4:12  Orbital Command  
  37  4:17  Marauder  
  37  4:19  SCV  
  37  4:22  Orbital Command  
  38  4:36  Siege Tank  
  38  4:37  SCV x2  
  43  4:42  Engineering Bay  
  43  4:49  Starport Reactor  
  43  4:53  SCV  
  43  4:54  SCV  
  43  4:55  Refinery  
  43  4:57  SCV  
  43  4:59  Barracks Reactor  
  46  5:00  Barracks Tech Lab  
  46  5:06  SCV x2  
  48  5:10  SCV  
  49  5:16  Marine  
  49  5:17  Marine  
  49  5:18  SCV, Supply Depot, Marine  
  49  5:21  Siege Tank  
  56  5:22  SCV  
  56  5:23  SCV  
  58  5:35  Marine  
  58  5:36  Marine  
  59  5:46  Marauder, Marine x2  
  59  5:47  SCV x2  
  65  5:53  Barracks  
  65  5:54  SCV, Marauder  
  65  5:55  Supply Depot  
  68  5:58  Missile Turret  
  68  5:59  SCV  
  68  6:00  Barracks Reactor  
  68  6:01  SCV  
  68  6:02  Medivac x2  
  74  6:06  SCV, Orbital Command  
  74  6:08  Marine x2  
  74  6:10  Stimpack  
  77  6:17  SCV  
  78  6:18  Supply Depot  
  78  6:22  Supply Depot  
  78  6:25  Combat Shield, Refinery  
  78  6:28  Widow Mine  
  78  6:32  SCV x3  
  83  6:37  Marine  
  83  6:38  Marine  
  83  6:39  Marine x3  
  88  6:49  SCV x2, Supply Depot  
  88  6:50  SCV  
  88  6:51  Supply Depot  
  88  6:52  Supply Depot  
  91  6:57  Barracks Tech Lab  
  91  7:07  SCV x2  
  93  7:08  SCV  
  94  7:17  Marauder  
  94  7:18  Marauder x2, Marine x2  
  94  7:19  Marine x2  
  94  7:21  Medivac x2  
  108  7:23  Terran Infantry Weapons Level 1  
  108  7:26  Siege Tank  
  111  7:32  SCV  
  111  7:33  SCV x2  
  114  7:39  Command Center  
  114  7:41  Marauder  
  114  7:42  Marauder  
  114  7:43  Marauder, Marine x4  
  124  7:46  SCV  
  124  7:47  Concussive Shells  
  124  7:50  Supply Depot  
  125  7:52  Supply Depot  
  125  7:57  Supply Depot  
  125  7:58  Refinery  
  125  8:11  SCV x3, Marine x3  
  125  8:12  Marauder  
  133  8:13  Marine, Liberator  
  133  8:14  Marauder x2  
  133  8:15  Supply Depot x2  
  133  8:19  Liberator  
  144  8:21  Refinery  
  144  8:23  SCV  
  145  8:29  Marine x3  
  145  8:31  Marine  
  149  8:37  Marauder x3  
  155  8:47  Marine x2  
  155  8:48  Marine  
  158  8:53  Barracks  
  158  8:54  Barracks  
  148  8:58  Marauder x3  
  128  9:08  Marine x2  
  128  9:09  Marine x2  
  110  9:19  Marauder x3  
  109  9:26  Marine x4  
  100  9:41  Marauder x3  
  100  9:44  Marine  
  97  9:54  Barracks Tech Lab x2  
  97  9:59  Terran Infantry Armor Level 1  
  92  10:01  Armory, Siege Tank  
  92  10:02  Marauder x3, Liberator x2  
  92  10:07  SCV x3  
  109  10:11  Command Center  
  110  10:15  Missile Turret  
  110  10:18  Marauder x2  
  110  10:19  Marine x2  
  110  10:20  Marine x2  
  118  10:24  Marauder x3  
  118  10:26  Engineering Bay, Barracks  
  124  10:34  SCV x3  
  127  10:40  Siege Tank  
  127  10:41  Marine x2  
  127  10:42  Marine x2  
  134  10:43  Marauder x2  
  138  10:50  Liberator  
  138  10:51  Liberator  
  138  10:55  Starport  
  144  10:59  SCV x2  
  144  11:00  Planetary Fortress  
  117  11:16  Marauder x2  
  117  11:17  Marauder x3, Marine x2  
  117  11:18  Marine x2  
  103  11:35  Marine x2  
  103  11:36  Marine, Terran Infantry Weapons Level 2  
  103  11:37  Starport Reactor  
  103  11:38  Marauder x3  
  112  11:41  SCV x3  
  112  11:42  Planetary Fortress  
  112  11:47  Barracks Reactor, Medivac x2  
  119  11:59  Missile Turret  
  119  12:05  Marauder x4  
  119  12:06  Marauder, Marine x4  
  133  12:10  Siege Tank  
  133  12:11  Terran Ship Weapons Level 1  
  136  12:24  Marine  
  136  12:26  Marauder  
  136  12:27  Marauder x3  
  136  12:28  Medivac  
  136  12:29  Medivac  
  149  12:33  Marauder  
  149  12:34  Marine x3  
  154  12:41  Marine  
  142  12:48  Marauder x4  
  138  12:52  Marine x3  
  138  12:55  Marauder  
  143  12:59  Marine  
  143  13:01  Liberator x2  
  147  13:09  Marauder x3, Marine  
  147  13:10  Marauder, Marine  
  150  13:16  Marauder  
  136  13:31  Marauder x4, Marine x2  
  136  13:33  Marine x4  
  150  13:34  Liberator x2  
  150  13:37  Marauder  
  158  13:43  Liberator  
  158  13:44  Liberator  
  158  13:46  Siege Tank  
  167  13:48  Factory  
  167  13:49  Drilling Claws  
  167  13:52  Marauder x4  
  150  14:23  Liberator x2  
  156  14:26  Command Center, Marine x11, Liberator x2  
  173  14:38  Refinery x2  
  173  14:43  Marine  
  173  14:44  Marine x10  
  184  15:01  Marine x2  
  184  15:02  Marauder, Marine x3  
  184  15:03  Marauder x2  
  195  15:10  Marauder  
  168  15:33  Marauder  
  168  15:34  Marauder x4, Marine  
  168  15:35  Marine x4  
  179  15:55  Marauder x4  
  179  15:56  Marauder  
  179  15:57  Marine x6  
  184  15:59  Liberator x3  
  197  16:14  Marine x2  
  197  16:15  Marine  
  200  16:39  Marine  
  197  16:40  Marine x2  
  194  16:56  Marine x5  
  194  16:57  Marine  
Tags
 
Add a new tag
Caveats
  • Supply blocks, unpowered buildings, or Contaminate may cause inaccurate times.
  • Supply counts are checked every 10 seconds.